 Dungeon Crawl Stone Soup version 0.23.1 (webtiles) character file.

Game seed: 9229868388138432050

207 doot the Skirmisher (level 5, 0/42 HPs)
             Began as a Demonspawn Abyssal Knight on Mar 19, 2019.
             Was a Believer of Lugonu.
             Succumbed to a scorpion's poison
             ... on level 4 of the Dungeon.
             The game lasted 00:05:57 (3961 turns).

doot the Skirmisher (Demonspawn Abyssal Knight)     Turns: 3961, Time: 00:05:58

Health: 0/42       AC:  5    Str: 13    XL:     5   Next: 54%
Magic:  0/7        EV: 11    Int: 19    God:    Lugonu [**....]
Gold:   140        SH:  0    Dex: 12    Spells: 4/4 levels left

rFire    . . .     SeeInvis .   a - +1 mace
rCold    . . .     Gourm    .   (no shield)
rNeg     . . .     Faith    .   b - +0 leather armour
rPois    .         Spirit   +   (no helmet)
rElec    .         Reflect  .   (no cloak)
rCorr    .         Harm     .   (no gloves)
MR       .....                  (no boots)
Stlth    +.........             (no amulet)
HPRegen  0.14/turn              (no ring)
MPRegen  0.10/turn              (no ring)

@: brilliant, lethally poisoned (0 -> -17), flying
A: thin metallic scales 1, magic shield
a: Depart the Abyss, Bend Space, Renounce Religion


You were on level 4 of the Dungeon.
You worshipped Lugonu.
Lugonu was pleased with you.
You were not hungry.

You visited 1 branch of the dungeon, and saw 4 of its levels.
You visited the Abyss 1 time.

You collected 140 gold pieces.

Inventory:

Hand Weapons
 a - a +1 mace (weapon)
Missiles
 g - 54 arrows
Armour
 b - a +0 leather armour (worn)
Wands
 n - a wand of paralysis (7)
Scrolls
 d - 4 scrolls of identify {unknown}
 e - a scroll of summoning {unknown}
 h - a scroll of magic mapping {unknown}
 i - 3 scrolls of enchant armour {unknown}
 l - a scroll of noise {unknown}
 m - 4 scrolls of teleportation {unknown}
 q - a scroll of amnesia {unknown}
 r - 2 scrolls of remove curse {unknown}
 u - 3 scrolls of immolation {unknown}
 v - a scroll of enchant weapon {unknown}
Potions
 f - a potion of brilliance
 j - a potion of flight
 k - a potion of resistance {unknown}
 o - a potion of lignification {unknown}
 p - a potion of invisibility {unknown}
 s - a potion of berserk rage {unknown}
Comestibles
 c - 9 rations


   Skills:
 + Level 3.9 Fighting
 + Level 3.7 Maces & Flails
 + Level 2.6 Armour
 + Level 1.6 Dodging
 + Level 0.8 Stealth
 + Level 2.8 Invocations


You had 4 spell levels left.
You didn't know any spells.
Your spell library was empty.

Dungeon Overview and Level Annotations

Branches:
Dungeon (4/15)
 Temple: D:4-7

Altars:
Cheibriados
Elyvilon
Fedhas
Nemelex Xobeh
Qazlal
Trog

Annotations:
D:2 Terence


Innate Abilities, Weirdness & Mutations

You are partially covered in thin metallic scales. (AC +2)
When hurt, damage is shared between your health and your magic reserves.


Message History

The scorpion poisons you!
You hit the scorpion but do no damage.
The scorpion is almost dead.
* * * LOW HITPOINT WARNING * * *
You feel sick. The scorpion closely misses you.
You hit the scorpion but do no damage.
The scorpion is almost dead.
* * * LOW HITPOINT WARNING * * *
You feel sick.
The scorpion stings you but does no damage.
It was a potion of brilliance.
You feel clever all of a sudden.
* * * LOW HITPOINT WARNING * * *
You feel sick. The scorpion stings you.
You are more poisoned.
The scorpion poisons you!
It was a potion of flight.
You feel very buoyant.
You fly up into the air.
You die...

# #.# #.#.#
#.#####.# #.##
#.#.# #.# #.#
#..# #.#.# #.#
#.# ##># #.#.#
#.# #.. #.#
#.#.# #.# ##.
#.# #.#.# #.#
#. #.#####.#
#.#.# #.# #.
........###.#.#
#.######.
#.........s@..#
#...>..#.
#######.#######
######.#. #.#
#.#. .#. ##.#.
a# # #..#. .#
#.##. ## #.##.
#.##.
########.##.


You could see a scorpion.

Vanquished Creatures
  A hound (D:4)
  A worker ant (D:4)
  2 gnolls
  6 adders
  2 worms
  2 dart slugs
  5 leopard geckos
  10 bats
  5 giant cockroaches
  7 goblins
  5 hobgoblins
  7 jackals
  4 frilled lizards
  7 kobolds
  6 rats
  A plant (D:2)
71 creatures vanquished.

Vanquished Creatures (others)
  A wizard (D:4)
  2 bats
3 creatures vanquished.

Grand Total: 74 creatures vanquished

Notes
Turn   | Place    | Note
-------+----------+-------------------------------------------
     0 | Abyss:1  | doot the Demonspawn Abyssal Knight began the quest for the
                  | Orb.
     0 | Abyss:1  | Reached XP level 1. HP: 18/18 MP: 2/2
   135 | Abyss:1  | Noticed an ancient zyme
   150 | Abyss:1  | Noticed a titan zombie
   188 | Abyss:2  | Noticed a ynoxinul
   216 | Abyss:2  | Noticed a small abomination
   227 | D:1      | Escaped the Abyss
   485 | D:1      | Gained mutation: You are partially covered in thin metallic
                  | scales. (AC +2) [demonic ancestry]
   485 | D:1      | Reached XP level 2. HP: 15/24 MP: 3/3
   582 | D:1      | Reached * piety under Lugonu
   733 | D:1      | Reached XP level 3. HP: 29/29 MP: 4/4
  1033 | D:2      | Noticed Terence
  1227 | D:2      | Found a blossoming altar of Fedhas.
  1230 | D:2      | Found a sparkling altar of Nemelex Xobeh.
  1233 | D:2      | Found a stormy altar of Qazlal.
  1633 | D:2      | Reached XP level 4. HP: 26/37 MP: 5/5
  2081 | D:3      | Reached skill level 1 in Dodging
  2604 | D:3      | Reached ** piety under Lugonu
  3240 | D:3      | Gained mutation: When hurt, damage is shared between your
                  | health and your magic reserves. [demonic ancestry]
  3240 | D:3      | Reached XP level 5. HP: 42/42 MP: 7/7
  3728 | D:4      | Found a white marble altar of Elyvilon.
  3730 | D:4      | Found a snail-covered altar of Cheibriados.
  3874 | D:4      | Found a bloodstained altar of Trog.
  3877 | D:4      | Noticed a wizard
  3883 | D:4      | Killed a wizard
  3959 | D:4      | HP: 2/42 [poisoned by a scorpion]
  3961 | D:4      | Succumbed to a scorpion's poison

Skill      XL: |  1  2  3  4 |
---------------+-------------+-----
Maces & Flails | 2 3 |  3.7
Armour         | 2 |  2.6
Dodging        | 1 |  1.6
Fighting       | |  3.9
Stealth        | |  0.8
Invocations    | |  2.8

Action                   |  1- 3 |  4- 6 || total
-------------------------+-------+-------++-------
Melee: Mace              |   105 |   204 ||   309
Invok: Depart the Abyss  |     1 |       ||     1
  Use: Potion            |       |     2 ||     2
 Stab: Sleeping          |       |     1 ||     1
  Eat: Chunk             |     2 |     8 ||    10
Armor: Leather armour    |    56 |    67 ||   123
Dodge: Dodged            |    97 |   108 ||   205
